 Dungeon Crawl Stone Soup version 0.17-a0-1-g1f4be75 (console) character file.

2604525 Fusha the Orcish Porcupine (level 27, 273/273 HPs)
             Began as a Hill Orc Fighter on Mar 8, 2015.
             Was an Initiate of Gozag.
             Escaped with the Orb
             ... and 5 runes on Mar 9, 2015!
             The game lasted 09:12:12 (102729 turns).

Fusha the Orcish Porcupine (Hill Orc Fighter)     Turns: 102729, Time: 09:12:12

Health: 273/273    AC: 59    Str: 44    XL:     27
Magic:  41/41      EV: 13    Int:  3    God:    Gozag
Gold:   22761      SH: 27    Dex: 23    Spells: 0 memorised, 26 levels left

rFire  + + +     SeeInvis .     o - +18 lance {slay drac, +Rage rPois rF+ AC+5}
rCold  + . .     Clarity  .     A - +9 armour of the Dragon King {rPois rF+ rC+ MR+}
rNeg   . . .     SustAb   .     H - +5 shield "Uskigass" {Regen+ Str+6 Slay+3}
rPois  +         Gourm    .     s - +2 hat of Duujaomu {rF+ Str+3 Slay+3} (curse)
rElec  +         Spirit   .     p - +2 cloak "Schainaos" {rElec rF+ rC- Dex+8}
rCorr  .         Warding  .     b - +2 pair of gloves {Str+3}
rMut   +         Stasis   .     W - +2 pair of boots (curse)
MR     +++..                    r - amulet of resist mutation
Stlth  ..........               n - +4 ring of protection
                                R - ring "Acifrarr" {+Blink rElec rC+ Int-5 Dex+5}

@: extremely resistant to hostile enchantments, extremely unstealthy
A: screaming 1
a: Potion Petition, Call Merchant, Bribe Branch, Renounce Religion, Evoke Blink,
Evoke Berserk Rage
0: Orb of Zot
}: 5/15 runes: decaying, serpentine, slimy, silver, golden


You escaped.
You worshipped Gozag.
Gozag was noncommittal.
You were not hungry.

You visited 13 branches of the dungeon, and saw 68 of its levels.
You visited the Abyss 1 time.
You also visited: Labyrinth, Trove, Bailey, Ice Cave and Wizlab.

You collected 36643 gold pieces.
You spent 7951 gold pieces at shops.
You paid 5867 gold pieces to Gozag.

Inventory:

Hand weapons
 o - the +18 lance "Wyrmbane" (weapon) {slay drac, +Rage rPois rF+ AC+5}
   (You bought it in a shop on level 4 of the Orcish Mines)

   It affects your AC (+5).
   It protects you from fire.
   It protects you from poison.
   It lets you go berserk.
Armour
 b - a +2 pair of gloves of strength (worn)
 p - the +2 cloak "Schainaos" (worn) {rElec rF+ rC- Dex+8}
   (You found it on level 3 of the Tomb of the Ancients)

   It affects your dexterity (+8).
   It protects you from fire.
   It makes you vulnerable to cold.
   It insulates you from electricity.
 s - the cursed +2 hat of Duujaomu (worn) {rF+ Str+3 Slay+3}
   (You acquired it on level 3 of the Crypt)

   It affects your strength (+3).
   It affects your accuracy and damage with ranged weapons and melee attacks
   (+3).
   It protects you from fire.
   It has a curse placed upon it.
 A - the +9 armour of the Dragon King (worn) {rPois rF+ rC+ MR+}
   (You found it on level 4 of the Depths)

   It protects you from fire.
   It protects you from cold.
   It protects you from poison.
   It affects your resistance to hostile enchantments.
 H - the +5 shield "Uskigass" (worn) {Regen+ Str+6 Slay+3}
   (You found it on level 4 of the Lair of Beasts)

   It affects your strength (+6).
   It affects your accuracy and damage with ranged weapons and melee attacks
   (+3).
   It increases your rate of regeneration.
 W - a cursed +2 pair of boots (worn)
Jewellery
 g - a cursed ring of teleport control
 n - a +4 ring of protection (right hand)
 q - a cursed ring of see invisible
 r - an amulet of resist mutation (around neck)
 O - an uncursed ring of protection from cold
 R - the ring "Acifrarr" (left hand) {+Blink rElec rC+ Int-5 Dex+5}
   (You found it on level 3 of the Tomb of the Ancients)

   [ring of dexterity]

   It affects your intelligence (-5).
   It affects your dexterity (+5).
   It protects you from cold.
   It insulates you from electricity.
   It lets you blink.
 X - a cursed ring of sustain abilities
 Z - the amulet of Firph {Clar rPois rN+ Int+4}
   (You bought it in a shop on level 11 of the Dungeon)

   [amulet of clarity]

   It provides mental clarity.
   It affects your intelligence (+4).
   It protects you from poison.
   It protects you from negative energy.
Magical devices
 f - a wand of fire (8)
 u - a wand of hasting (6)
 v - a wand of fireball (4)
 w - a wand of digging (9)
 G - a wand of draining (5)
 P - a wand of cold (9)
 S - a wand of lightning (5)
 V - a wand of invisibility (6)
Scrolls
 d - 3 scrolls of blinking
 h - 18 scrolls of teleportation
 i - 25 scrolls of remove curse
 k - 12 scrolls of fog
 m - 9 scrolls of recharging
 z - 31 scrolls of identify
 B - 5 scrolls of silence
 J - 3 scrolls of magic mapping
 Q - 9 scrolls of fear
 T - 3 scrolls of summoning
Potions
 e - 10 potions of heal wounds
 l - 3 potions of lignification
 t - 5 potions of resistance
 x - 2 potions of restore abilities
 F - 4 potions of cancellation
 I - 2 potions of curing
 K - 12 potions of might
 M - 6 potions of agility
 N - 3 potions of ambrosia
 U - 5 potions of haste
Miscellaneous
 c - a fan of gales
 j - a disc of storms
 y - an ornate deck of escape {Warpwright}
 C - a lamp of fire
 D - a stone of tremors
 E - a phial of floods
Comestibles
 a - 12 meat rations


   Skills:
 O Level 27 Fighting
 O Level 27 Polearms
 + Level 2.0 Throwing
 O Level 27 Armour
 - Level 4.0 Dodging
 - Level 15.0 Stealth
 O Level 27 Shields
 - Level 0.4 Unarmed Combat
 + Level 18.8 Evocations


You had 26 spell levels left.
You didn't know any spells.

Dungeon Overview and Level Annotations

Branches:
Dungeon (15/15)            Temple (1/1) D:6            Lair (8/8) D:9
  Swamp (5/5) Lair:5        Snake (5/5) Lair:6        Slime (6/6) Lair:6
    Orc (4/4) D:11            Elf (3/3) Orc:3        Vaults (5/5) D:13
  Crypt (3/3) Vaults:3       Tomb (3/3) Crypt:3      Depths (5/5) D:15
    Zot (5/5) Depths:5

Altars:
Ashenzari
Cheibriados
Dithmenos
Elyvilon
Fedhas
Gozag
Kikubaaqudgha
Makhleb
Nemelex Xobeh
Okawaru
Qazlal
Ru
Sif Muna
Trog
Vehumet
Xom
The Shining One
Beogh
Jiyva

Shops:
D:6 !   D:11 **   D:14 (   Orc:4 ?}([(   Snake:2 *   Snake:3 [   Vaults:1 %
Vaults:2 (   Vaults:3 ?!*[![!}}   Vaults:4 (   Depths:4 [   Depths:5 (

Portals:
Hell: Depths:1 Depths:2 Depths:3 Depths:4 Depths:5
Abyss: Depths:3 Depths:4
Pandemonium: Depths:1 Depths:2 Depths:3 Depths:4
Ziggurat: Depths:2 Depths:3


Innate Abilities, Weirdness & Mutations

You occasionally shout uncontrollably at your foes.


Message History

You sense a powerful magical force warping space.
(D) Dungeon (T) Temple (L) Lair (S) Swamp (P) Snake Pit (M) Slime Pits (O) Orcish Mines (E) Elven Halls (V) Vaults (C) Crypt (W) Tomb (U) Depths (H) Hell (Z) Zot
Where to? (Enter - D:2, ? - help)
There is a stone staircase leading up here.
You climb upwards.
You sense a powerful magical force warping space.
There is a stone staircase leading down here.
(D) Dungeon (T) Temple (L) Lair (S) Swamp (P) Snake Pit (M) Slime Pits (O) Orcish Mines (E) Elven Halls (V) Vaults (C) Crypt (W) Tomb (U) Depths (H) Hell (Z) Zot
Where to? (Enter - D:1, ? - help)
Okay, then.
You see here a stone.
You see here a stone.
There is a staircase leading out of the dungeon here.
You have escaped!

.............# ##.............
.#.#.######### ############.#
.....##########################.#
..##.#.#..#.....#..#.....#..#.#)#
####.#.......#..#..#..#..#..#.#.#
#............................#
##..#..#..#.....#..#..#..#...#
##.#..#..#.....#..........###
#.#.....#..@.....#..#....#
##########################


There were no monsters in sight!

Vanquished Creatures
  the royal jelly (Slime:6)
  10 orbs of fire
  10 ancient liches
  33 greater mummies
  Boris (Tomb:1)
  the Lernaean hydra (Swamp:5)
  Margery (Depths:5)
  Norris (Snake:3)
  Saint Roka (Swamp:2)
  A caustic shrike (Depths:4)
  4 curse toes
  3 Killer Klowns
  9 golden dragons
  the Enchantress (Depths:2)
  4 bone dragons
  Nikola (Vaults:1)
  4 electric golems
  11 liches
  16 tentacled monstrosities
  27 Orb Guardians
  4 titans
  2 deep elf blademasters (Elf:3)
  A Brimstone Fiend (D:5)
  Asterion (Vaults:1)
  31 acid blobs
  2 deep elf master archers (Elf:3)
  An octopode crusher (Depths:4)
  A tentacled starspawn (Abyss:1)
  15 storm dragons
  Rupert (Snake:5)
  Agnes (Snake:1)
  9 ancient champions
  13 sphinxes
  A thorn hunter (Swamp:4)
  7 tengu reavers
  12 shadow dragons
  3 draconian monks
  8 fire giants
  Roxanne (Swamp:3)
  9 greater nagas (Snake:5)
  6 revenants
  Donald (Snake:5)
  Maud (Elf:1)
  2 balrugs
  15 vault wardens
  17 azure jellies
  An iron dragon (Depths:4)
  3 ghost moths
  7 draconian scorchers
  Aizul (Swamp:5)
  Louise (Elf:2)
  6 draconian knights
  5 deep elf sorcerers
  2 draconian zealots
  13 frost giants
  A caustic shrike zombie (Depths:3)
  A curse skull (Crypt:2)
  A cacodemon (D:5)
  6 reapers
  7 emperor scorpions
  26 ironheart preservers
  4 ghouls
  Jorgrun (Swamp:4)
  2 draconian annihilators (Zot:2)
  3 draconian shifters
  3 spriggan defenders (Depths:2)
  18 stone giants
  4 war gargoyles
  2 vampire knights
  13 very ugly things
  A draconian caller (Zot:4)
  3 grey draconians
  9 deep elf annihilators
  11 green draconians
  2 lorocyprocas
  8 black draconians
  7 deep elf demonologists
  2 purple draconians
  10 yellow draconians
  9 mottled draconians
  5 white draconians
  8 pale draconians
  4 red draconians
  2 dire elephants
  2 merfolk javelineers
  Snorg (Lair:5)
  14 deep elf death magi
  5 eidola
  7 death oozes
  3 deep elf high priests
  5 unborn
  19 ettins
  16 fire dragons
  22 mummy priests
  A minotaur (Lab)
  12 jiangshi
  15 ogre magi
  35 vault guards
  3 rakshasas
  11 great orbs of eyes
  12 yaktaur captains
  20 ice dragons
  6 death cobs
  17 naga warriors
  2 ghost crabs
  18 hydras
  2 quicksilver dragon skeletons
  6 deep troll earth magi
  3 spriggan air magi
  Erica (Lair:5)
  7 centaur warriors
  3 catoblepae
  15 dancing weapons
  17 anacondas
  8 vampire magi
  3 deep troll shamans
  2 thrashing horrors (Abyss:1)
  14 death yaks
  4 tengu warriors
  11 alligators
  3 titan zombies
  4 death knights
  A shock serpent (shapeshifter) (Vaults:2)
  Urug (Orc:3)
  4 hell knights (Depths:5)
  10 soul eaters
  6 shock serpents
  A hell hog (Depths:5)
  10 naga sharpshooters
  6 spriggan berserkers
  4 large abominations
  3 sun demons
  A storm dragon zombie (Crypt:3)
  21 deep elf knights
  2 wretched stars (Abyss:1)
  7 orc high priests
  4 salamander mystics
  An ice devil (Elf:3)
  A spatial maelstrom (Abyss:1)
  2 fire crabs
  A ghost moth zombie (Crypt:1)
  39 death scarabs
  2 titan skeletons
  5 shadow wraiths
  50 skeletal warriors
  A storm dragon skeleton (Abyss:1)
  28 deep trolls
  A sea snake (shapeshifter) (Depths:5)
  A shadow demon (Depths:2)
  8 naga ritualists
  A gelid demonspawn (Depths:2)
  2 golden dragon zombies
  9 deep elf summoners
  An unseen horror (D:15)
  A death drake (shapeshifter) (Depths:4)
  3 giant orange brains
  A death drake (Zot:4)
  16 swamp dragons
  22 anubis guards
  6 wizards
  An ice statue (IceCv)
  A torturous demonspawn (Depths:2)
  A shadow dragon zombie (Depths:3)
  A shambling mangrove (Swamp:5)
  An obsidian statue (Zot:5)
  10 ironbrand convokers
  2 infernal demonspawn (Depths:1)
  A harpy (shapeshifter) (Depths:3)
  A deathcap (Zot:3)
  18 deep elf conjurers
  A golden dragon skeleton (Tomb:1)
  10 flayed ghosts
  16 hill giants
  An oklob plant (Lair:6)
  2 hornets (shapeshifter)
  2 shadow dragon skeletons
  9 necromancers
  An iron dragon zombie (Tomb:1)
  4 frost giant zombies
  2 manticores
  2 fauns (shapeshifter) (Vaults:5)
  11 phantasmal warriors
  A shining eye (shapeshifter) (Depths:4)
  14 orc knights
  9 sixfirhies
  12 mana vipers
  6 shining eyes
  2 stone giant zombies
  A sphinx skeleton (Crypt:3)
  4 wolf spiders
  6 cyclopes
  2 sphinx zombies
  An orc sorcerer (Orc:2)
  A fire giant zombie (Vaults:2)
  4 griffons
  19 salamanders
  18 vault sentinels
  2 salamanders (shapeshifter)
  6 eyes of devastation
  45 ugly things
  2 iron dragon skeletons
  3 elephants (Lair:6)
  3 hornets
  A black mamba (shapeshifter) (Vaults:4)
  20 spiny frogs
  41 moths of wrath
  6 smoke demons
  A torpor snail (Depths:4)
  46 black mambas
  19 guardian serpents
  4 rust devils
  A torpor snail (shapeshifter) (Depths:3)
  17 naga magi
  A purple draconian zombie (Crypt:2)
  An emperor scorpion zombie (Tomb:3)
  A gargoyle (D:15)
  3 human zombies
  2 spriggan zombies (Depths:3)
  A yellow draconian zombie (Crypt:1)
  2 black draconian zombies
  A komodo dragon (shapeshifter) (Depths:5)
  2 orange demons
  A sea snake zombie (Crypt:2)
  2 hellwings
  2 efreet
  A yaktaur zombie (Vaults:5)
  14 deep elf priests
  7 komodo dragons
  A troll (shapeshifter) (Vaults:3)
  3 fire drakes
  A jumping spider (shapeshifter) (Depths:5)
  A tormentor (Abyss:1)
  62 yaktaurs
  5 red devils
  A yaktaur skeleton (Vaults:5)
  A human skeleton (Vaults:5)
  A hydra zombie (Tomb:2)
  6 blue devils
  A demonic crawler (Elf:2)
  A harpy zombie (Crypt:2)
  6 wandering mushrooms
  51 guardian mummies
  4 kobold demonologists
  33 two-headed ogres
  12 trolls
  A wind drake (shapeshifter) (Vaults:1)
  An iron troll skeleton (Crypt:1)
  28 polar bears
  A shadow dragon simulacrum (Vaults:5)
  15 freezing wraiths
  A silent spectre (Crypt:3)
  A jumping spider (Elf:3)
  A polar bear (shapeshifter) (Depths:1)
  8 giant leeches
  A hydra skeleton (Tomb:1)
  2 ravens (shapeshifter)
  140 slime creatures
  5 boulder beetles
  A guardian serpent zombie (Crypt:1)
  15 ravens
  4 bog bodies
  A two-headed ogre (shapeshifter) (Vaults:3)
  22 ushabtiu
  6 baby alligators
  A raiju (Lair:8)
  An iron dragon simulacrum (Tomb:1)
  An ice dragon zombie (Vaults:1)
  25 blink frogs
  30 flying skulls
  2 trapdoor spiders
  5 air elementals
  17 spriggans
  A spriggan skeleton (D:15)
  A redback (shapeshifter) (D:12)
  An ice dragon skeleton (Tomb:1)
  A ynoxinul (Orc:4)
  12 shadows
  5 wyverns
  An elf zombie (Depths:3)
  11 water elementals
  49 yaks
  A basilisk (Lair:3)
  21 humans
  28 deep elf magi
  9 vampires
  A stone giant simulacrum (Crypt:1)
  An ettin skeleton (Crypt:2)
  A hill giant zombie (WizLab)
  Eustachio (D:8)
  A golden eye (shapeshifter) (Vaults:2)
  A giant leech zombie (Crypt:3)
  5 hungry ghosts
  14 wraiths
  6 hippogriffs
  A black mamba skeleton (Crypt:3)
  32 wolves
  4 chaos spawn
  3 neqoxecs
  26 deep elf fighters
  35 swamp worms
  4 tengu zombies
  A steam dragon (D:13)
  13 vampire mosquitoes
  A golden eye (Slime:3)
  21 insubstantial wisps
  Edmund (D:5)
  2 spatial vortices (Abyss:1)
  80 nagas
  45 water moccasins
  18 wargs
  2 water nymph zombies
  A deep troll skeleton (Crypt:3)
  2 mottled dragons
  11 hell hounds
  30 orc warriors
  6 ice beasts
  4 sky beasts
  6 porcupines
  A spectral blink frog (Swamp:3)
  3 small abominations
  A black bear (shapeshifter) (Vaults:4)
  13 swamp drakes
  A baby alligator skeleton (Crypt:1)
  4 phantoms
  16 black bears
  11 spiders
  12 eyes of draining
  5 boggarts
  18 wasps
  A boring beetle (shapeshifter) (Depths:4)
  2 wasps (shapeshifter)
  65 ogres
  A snapping turtle skeleton (Crypt:1)
  3 necrophages
  A boring beetle (Lair:8)
  3 lost souls
  Sigmund (D:2)
  2 brain worms
  27 crocodiles
  14 centaurs
  A big kobold (shapeshifter) (Vaults:5)
  2 big kobolds
  3 human simulacra
  A draconian skeleton (Crypt:1)
  An ogre simulacrum (Vaults:1)
  An elf skeleton (Crypt:1)
  18 giant frogs
  A spectral water moccasin (Swamp:3)
  A wyvern skeleton (Crypt:3)
  7 scorpions
  26 wights
  10 killer bees
  9 troll zombies
  2 goliath beetles
  An electric eel (Lair:3)
  21 hounds
  3 centaur zombies
  5 giant frog zombies
  8 crimson imps
  An iron imp (Vaults:2)
  A centaur skeleton (D:6)
  3 giant frog skeletons
  Crazy Yiuf (D:7)
  A soldier ant zombie (Crypt:2)
  38 jellies
  51 orc priests
  3 hell rats
  26 orc wizards
  31 sheep
  23 worker ants
  5 iguanas
  A killer bee zombie (D:7)
  Ijyb (D:2)
  9 ogre zombies
  A mottled dragon skeleton (Crypt:3)
  A deep dwarf skeleton (Crypt:2)
  58 mummies
  2 hound skeletons
  3 worker ant zombies
  36 adders
  8 gnolls
  A giant mite (D:2)
  A white imp (Abyss:1)
  55 river rats
  A steam dragon skeleton (Crypt:2)
  A giant mite (shapeshifter) (Elf:3)
  2 shadow imps
  3 worms
  3 ufetubi
  A worm (shapeshifter) (Vaults:5)
  An adder zombie (D:6)
  An iguana zombie (Crypt:1)
  A sheep zombie (Crypt:3)
  9 giant geckos
  224 orcs
  3 ball pythons
  13 bats
  A bat skeleton (D:6)
  A bat zombie (D:6)
  5 giant cockroaches
  31 goblins
  17 hobgoblins
  14 jackals
  26 kobolds
  6 oozes
  17 quokkas
  4 giant newts
  2 giant spores
  4 goblin skeletons (D:11)
  2 goblin zombies (D:11)
  A hobgoblin skeleton (D:11)
  An orc skeleton (D:11)
  11 orc zombies (D:11)
  11 rats
  9 ballistomycetes
  A fungus (Lair:8)
  5 plants (Lair:8)
3771 creatures vanquished.

Vanquished Creatures (collateral kills)
  An ironbrand convoker (Vaults:5)
  A yaktaur (Vaults:5)
  A two-headed ogre (Vaults:5)
  An ufetubus (Elf:3)
4 creatures vanquished.

Vanquished Creatures (others)
  A lich (Tomb:1)
  A tengu reaver (Vaults:5)
  A thorn hunter (Swamp:1)
  A draconian zealot (Zot:2)
  A quicksilver dragon skeleton (Tomb:2)
  2 ogre magi
  16 death scarabs
  An anubis guard (Tomb:2)
  A fire giant zombie (Depths:3)
  A necromancer (Vaults:5)
  An elf zombie (Depths:3)
  An emperor scorpion zombie (Tomb:2)
  A yaktaur (Vaults:2)
  3 air elementals
  An ettin zombie (Tomb:2)
  A raven (Swamp:1)
  A deep elf mage (Elf:1)
  5 flying skulls (Tomb:2)
  A spriggan (Swamp:5)
  2 yaks (IceCv)
  A water elemental (Zot:2)
  4 fire elementals
  A swamp worm (Swamp:3)
  A water moccasin (Swamp:3)
  A wolf (IceCv)
  A naga (Snake:5)
  A neqoxec (Zot:2)
  A boggart (Depths:1)
  7 lost souls
  A manticore skeleton (Crypt:1)
  A crimson imp (D:6)
  2 orc wizards
  A mummy (Tomb:3)
  An adder (D:8)
  A river rat (Lair:7)
  A giant spore (D:6)
  3 fungi
  4 plants
  2 starspawn tentacles (Abyss:1)
  3 starspawn tentacle segments (Abyss:1)
81 creatures vanquished.

Grand Total: 3856 creatures vanquished

Notes
Turn   | Place    | Note
--------------------------------------------------------------
     0 | D:1      | Fusha, the Hill Orc Fighter, began the quest for the Orb.
     0 | D:1      | Reached XP level 1. HP: 19/19 MP: 1/1
   107 | D:1      | Reached XP level 2. HP: 18/27 MP: 2/2
   554 | D:2      | Reached XP level 3. HP: 18/33 MP: 3/3
   580 | D:2      | Reached skill level 4 in Fighting
   852 | D:2      | Noticed Ijyb
   896 | D:2      | Killed Ijyb
   896 | D:2      | Reached XP level 4. HP: 33/40 MP: 4/4
   954 | D:2      | Reached skill level 1 in Dodging
  1117 | D:2      | Noticed Sigmund
  1142 | D:2      | Killed Sigmund
  1142 | D:2      | Reached XP level 5. HP: 36/46 MP: 5/5
  1426 | D:2      | Found a deep blue altar of Sif Muna.
  1592 | D:2      | Found an ancient bone altar of Kikubaaqudgha.
  1592 | D:2      | Found an opulent altar of Gozag.
  1599 | D:2      | Became a worshipper of Gozag Ym Sagoz the Greedy
  2073 | D:3      | Reached XP level 6. HP: 31/53 MP: 6/6
  2315 | D:3      | Found an iron altar of Okawaru.
  2491 | D:3      | Found a sparkling altar of Nemelex Xobeh.
  2753 | D:4      | Reached skill level 5 in Shields
  3042 | D:4      | Reached XP level 7. HP: 53/60 MP: 7/7
  3060 | D:4      | Found a blossoming altar of Fedhas.
  3099 | D:4      | Reached skill level 5 in Armour
  3396 | D:4      | Found a white marble altar of Elyvilon.
  3824 | D:5      | Entered Level 5 of the Dungeon
  3868 | D:5      | Reached skill level 5 in Fighting
  4509 | D:5      | Reached XP level 8. HP: 68/68 MP: 8/8
  5509 | D:6      | Found a shimmering altar of Xom.
  5510 | D:6      | Found Psiuc's Distillery.
  5615 | D:6      | Noticed Edmund
  5646 | D:5      | Killed Edmund
  5646 | D:5      | Reached skill level 6 in Fighting
  5856 | D:5      | Reached skill level 1 in Stealth
  6021 | D:6      | Reached skill level 5 in Polearms
  6169 | D:6      | Bought a potion of berserk rage for 55 gold pieces
  6169 | D:6      | Bought a potion of poison for 11 gold pieces
  6403 | D:6      | Found a staircase to the Ecumenical Temple.
  6458 | D:6      | Reached XP level 9. HP: 75/78 MP: 9/9
  6473 | D:6      | Found an iron altar of Okawaru.
  6660 | D:6      | Found a bloodstained altar of Trog.
  6725 | D:6      | Found a snail-covered altar of Cheibriados.
  6761 | D:6      | Reached skill level 7 in Fighting
  8195 | D:7      | Noticed a skeletal warrior
  8196 | D:7      | Found a shadowy altar of Dithmenos.
  8196 | D:7      | Noticed a skeletal warrior
  8236 | Temple   | Entered the Ecumenical Temple
  8576 | D:7      | Noticed Crazy Yiuf
  8586 | D:7      | Killed Crazy Yiuf
  8671 | D:7      | Noticed a skeletal warrior
  9042 | D:8      | Found an iron altar of Okawaru.
  9043 | D:8      | Noticed Eustachio
  9063 | D:8      | Killed Eustachio
  9397 | D:8      | Got a transparent shield
  9408 | D:8      | Identified the +5 shield of Instinct {rF+ rN+ Str+2 Dex+4 Slay-5} (You found it on level 8 of the Dungeon)
  9519 | D:8      | Reached skill level 8 in Fighting
  9530 | D:8      | Reached XP level 10. HP: 69/88 MP: 8/10
 10362 | D:9      | Found a staircase to the Lair.
 10407 | D:9      | You fall through a shaft!
 10407 | D:10     | Entered Level 10 of the Dungeon
 10414 | D:10     | Noticed a hill giant
 10997 | D:8      | Reached skill level 9 in Shields
 11295 | D:9      | Found a burning altar of Makhleb.
 12080 | D:10     | Killed a hill giant
 12080 | D:10     | Reached skill level 10 in Shields
 12080 | D:10     | Reached XP level 11. HP: 97/97 MP: 11/11
 12136 | D:10     | Noticed a hill giant
 12144 | D:10     | Killed a hill giant
 12444 | D:10     | Noticed a hill giant
 13040 | D:10     | Killed a hill giant
 13421 | D:11     | Noticed an eight-headed hydra
 13897 | Lair:1   | Entered Level 1 of the Lair of Beasts
 13943 | Lair:1   | Reached skill level 1 in Throwing
 14298 | Lair:1   | Reached skill level 10 in Fighting
 14298 | Lair:1   | Reached skill level 11 in Shields
 14635 | Lair:1   | Noticed an eight-headed hydra
 14920 | Lair:2   | Noticed a five-headed hydra
 15505 | Lair:2   | Killed a five-headed hydra
 16246 | Lair:3   | Reached skill level 10 in Polearms
 16390 | Lair:3   | Reached XP level 12. HP: 82/107 MP: 8/12
 17566 | Lair:3   | Reached skill level 12 in Shields
 17683 | Lair:4   | Got a faintly glowing shield
 17722 | Lair:4   | Found a labyrinth entrance.
 17744 | Lab      | Entered a labyrinth
 18108 | Lab      | Noticed a minotaur
 18129 | Lab      | Killed a minotaur
 18129 | Lab      | Reached skill level 10 in Armour
 18482 | Lab      | Identified the +5 shield "Uskigass" {Regen+ Str+6 Slay+3} (You found it on level 4 of the Lair of Beasts)
 19579 | Lair:5   | Noticed Snorg
 19618 | Lair:5   | Killed Snorg
 19712 | Lair:5   | Reached skill level 13 in Shields
 19829 | Lair:5   | Got a heavily runed copper ring
 19830 | Lair:5   | Identified the ring "Ubyal" {rPois rF- MR+ Dex+3} (You found it on level 5 of the Lair of Beasts)
 19991 | Lair:5   | Noticed Erica
 20069 | Lair:5   | Killed Erica
 20126 | Lair:5   | Found a staircase to the Swamp.
 20481 | Lair:6   | Noticed a death yak
 20484 | Lair:6   | Noticed a death yak
 20496 | Lair:5   | Reached XP level 13. HP: 110/116 MP: 12/14
 20706 | Lair:6   | Found a staircase to the Snake Pit.
 20745 | Lair:6   | Found a staircase to the Slime Pits.
 21094 | Lair:6   | Noticed a death yak
 21095 | Lair:6   | Noticed a death yak
 21095 | Lair:6   | Noticed a death yak
 21125 | Lair:5   | Killed a death yak
 21659 | Lair:6   | Identified a scroll of acquirement
 21799 | Lair:6   | Reached skill level 14 in Shields
 22253 | Lair:7   | Got a twisted plate armour
 22270 | Lair:7   | Identified the +6 plate armour "Situsm" {Stlth+} (You acquired it on level 7 of the Lair of Beasts)
 23003 | Lair:8   | Entered Level 8 of the Lair of Beasts
 23181 | Lair:8   | Reached XP level 14. HP: 122/126 MP: 15/15
 23820 | Lair:8   | Reached skill level 15 in Shields
 24750 | Lair:1   | Killed an eight-headed hydra
 25237 | D:11     | Found a staircase to the Orcish Mines.
 25347 | D:11     | Noticed a hill giant
 25354 | D:11     | Killed a hill giant
 25428 | D:11     | Noticed a hill giant
 25435 | D:11     | Killed a hill giant
 25492 | D:11     | Found Taduamus' Serpentskin Sales.
 25655 | D:11     | Found Luuxusug's Assorted Antiques.
 25689 | D:11     | Bought a twitching ruby amulet for 95 gold pieces
 25689 | D:11     | Bought a twitching lead amulet for 95 gold pieces
 25689 | D:11     | Bought a large peridot ring for 95 gold pieces
 25689 | D:11     | Bought a runed malachite amulet for 95 gold pieces
 25690 | D:11     | Identified the amulet of Firph {Clar rPois rN+ Int+4} (You bought it in a shop on level 11 of the Dungeon)
 25702 | D:11     | Identified the amulet "Liosig" {Stasis rC+} (You bought it in a shop on level 11 of the Dungeon)
 25978 | Orc:1    | Entered Level 1 of the Orcish Mines
 25978 | Orc:1    | Found a frozen archway.
 25994 | IceCv    | Entered an ice cave
 26227 | IceCv    | Reached XP level 15. HP: 136/136 MP: 16/16
 26414 | IceCv    | Noticed a frost giant
 26436 | IceCv    | Killed a frost giant
 26436 | IceCv    | Reached skill level 15 in Polearms
 26578 | Orc:1    | Found a bloodstained altar of Trog.
 27691 | Orc:3    | Noticed Urug
 27705 | Orc:3    | Killed Urug
 27762 | Orc:3    | Found a flagged portal.
 27773 | Bailey   | Entered a bailey
 28178 | Bailey   | Got a pair of heavily runed boots
 28180 | Bailey   | Got a crystal hand axe
 28225 | Bailey   | Identified the +5 hand axe "Piext" {drain, rF+ Str-3 Int+3} (You found it in a bailey)
 28253 | Bailey   | Identified the -2 pair of boots of Minor Irritation {Regen+ MP-9 Int+4} (You found it in a bailey)
 28762 | Orc:3    | Found a staircase to the Elven Halls.
 28821 | Orc:4    | Entered Level 4 of the Orcish Mines
 29295 | Orc:4    | Found a roughly hewn altar of Beogh.
 29319 | Orc:4    | Found Qioli's Gadget Boutique.
 29347 | Orc:4    | Found Maif's Magic Scroll Shoppe.
 29369 | Orc:4    | Bought a scroll of enchant weapon for 75 gold pieces
 29369 | Orc:4    | Bought a scroll of enchant weapon for 75 gold pieces
 29369 | Orc:4    | Bought a scroll of enchant weapon for 75 gold pieces
 29369 | Orc:4    | Bought a scroll of enchant weapon for 75 gold pieces
 29369 | Orc:4    | Bought a scroll of enchant weapon for 75 gold pieces
 29369 | Orc:4    | Bought a scroll of recharging for 95 gold pieces
 29482 | Orc:4    | Found Klelega's Antique Weapon Emporium.
 29488 | Orc:4    | Reached skill level 16 in Shields
 29544 | Orc:4    | Found a shimmering altar of Xom.
 29744 | Orc:4    | Found Erec's Antique Armour Boutique.
 29755 | Orc:4    | Bought a pair of glowing gloves for 135 gold pieces
 29755 | Orc:4    | Bought a runed cloak for 135 gold pieces
 29819 | Orc:4    | Bought a scroll of enchant armour for 75 gold pieces
 29847 | Orc:4    | Found Lisommur's Antique Weapon Shoppe.
 29891 | Orc:4    | Bought the +8 lance "Wyrmbane" {slay drac, +Rage rPois rF+ AC+5} for 2313 gold pieces
 30783 | D:12     | Found a runed door.
 30784 | D:12     | Noticed a fire giant
 30803 | D:12     | Killed a fire giant
 31955 | D:13     | Reached XP level 16. HP: 147/147 MP: 17/17
 32002 | D:13     | Found a gate to the Vaults.
 32624 | D:14     | Found Cladghuag's Antique Weapon Boutique.
 33150 | D:15     | Entered Level 15 of the Dungeon
 33519 | D:15     | Reached skill level 17 in Shields
 33677 | D:15     | Found a portal to a secret trove of treasure.
 33716 | D:15     | Found a staircase to the Depths.
 33861 | D:15     | Reached skill level 15 in Fighting
 34421 | Swamp:1  | Entered Level 1 of the Swamp
 35303 | Swamp:2  | Noticed Saint Roka
 35479 | Swamp:2  | Noticed a thorn hunter
 35489 | Swamp:1  | Killed a thorn hunter
 35803 | Swamp:2  | Killed Saint Roka
 35803 | Swamp:2  | Reached skill level 1 in Evocations
 35803 | Swamp:2  | Reached XP level 17. HP: 107/156 MP: 12/19
 36907 | Swamp:3  | Noticed Roxanne
 36965 | Swamp:3  | Killed Roxanne
 36980 | Swamp:3  | Got a faintly glowing graven amulet
 36982 | Swamp:3  | Identified the amulet of Sigar {Spirit rElec MR++ Str-2 Dex-5 Slay+2} (You found it on level 3 of the Swamp)
 37509 | Swamp:4  | Got a smoking copper ring
 37560 | Swamp:4  | Identified the ring of Onwiulu {rPois MR+ Str-3 SInv} (You found it on level 4 of the Swamp)
 37676 | Swamp:4  | Reached skill level 18 in Shields
 38178 | Swamp:4  | Noticed Jorgrun
 38202 | Swamp:4  | Killed Jorgrun
 38353 | Swamp:5  | Entered Level 5 of the Swamp
 38588 | Swamp:5  | Reached skill level 5 in Stealth
 38771 | Swamp:5  | Noticed Aizul
 38800 | Swamp:5  | Killed Aizul
 39115 | Swamp:5  | Noticed the 27-headed Lernaean hydra
 39158 | Swamp:5  | Killed the 27-headed Lernaean hydra
 39387 | Swamp:5  | Got a decaying rune of Zot
 39504 | Swamp:5  | Reached XP level 18. HP: 166/166 MP: 21/21
 40277 | Lair:6   | Killed a death yak
 40286 | Lair:6   | Killed a death yak
 40302 | Snake:1  | Entered Level 1 of the Snake Pit
 41759 | Snake:2  | Noticed Agnes
 41822 | Snake:1  | Killed Agnes
 41822 | Snake:1  | Reached skill level 19 in Shields
 41857 | Snake:2  | Found Qag Ucaj's Assorted Antiques.
 41888 | Snake:2  | Bought a lamp of fire for 1080 gold pieces
 41972 | Snake:2  | Gained mutation: You have sharp toenails. [potion of mutation]
 41972 | Snake:2  | Gained mutation: You expend magic power (3 MP) to slightly strengthen your wands. [potion of mutation]
 41972 | Snake:2  | Lost mutation: You have sharp toenails. [potion of mutation]
 41973 | Snake:2  | Gained mutation: You are somewhat resistant to further mutation. [potion of mutation]
 41973 | Snake:2  | Gained mutation: You have a beak for a mouth. [potion of mutation]
 42829 | Snake:3  | Noticed Norris
 42886 | Snake:3  | Killed Norris
 42897 | Snake:3  | Found Giaje's Antique Armour Boutique.
 44399 | Snake:5  | Entered Level 5 of the Snake Pit
 44518 | Snake:5  | Found a runed door.
 44550 | Snake:5  | Reached XP level 19. HP: 164/177 MP: 18/21
 44898 | Snake:5  | Reached skill level 20 in Shields
 45388 | Snake:5  | Noticed Donald
 45415 | Snake:5  | Killed Donald
 46242 | Snake:5  | Noticed Rupert
 46263 | Snake:5  | Killed Rupert
 47113 | Snake:5  | Got a serpentine rune of Zot
 47409 | Slime:1  | Entered Level 1 of the Pits of Slime
 47943 | Slime:1  | Reached XP level 20. HP: 177/187 MP: 22/22
 48473 | Slime:1  | Reached skill level 21 in Shields
 50489 | Slime:5  | Gained mutation: Your magical capacity is low (-10% MP). [a shining eye]
 50493 | Slime:5  | Gained mutation: You are dopey. (Int -2) [a shining eye]
 50495 | Slime:5  | Gained mutation: You expend magic power (6 MP) to strengthen your wands. [a shining eye]
 50700 | Slime:6  | Entered Level 6 of the Pits of Slime
 51022 | Slime:6  | Found a viscous altar of Jiyva.
 51023 | Slime:6  | Noticed the royal jelly
 51499 | Slime:6  | Reached XP level 21. HP: 195/195 MP: 11/20
 51663 | Slime:6  | Killed the royal jelly
 52218 | Slime:6  | Got a slimy rune of Zot
 52848 | Vaults:1 | Entered Level 1 of the Vaults
 52848 | Vaults:1 | Noticed Nikola
 52859 | Vaults:1 | Killed Nikola
 54053 | Vaults:1 | Reached skill level 22 in Polearms
 54171 | Vaults:1 | Found Kiteulin's Food Shop.
 54213 | Vaults:2 | Found Adubaall's Antique Weapon Shop.
 54533 | Vaults:2 | Noticed Asterion
 54606 | Vaults:1 | Killed Asterion
 54842 | Vaults:2 | Reached XP level 22. HP: 177/206 MP: 22/22
 54986 | Vaults:2 | Reached skill level 15 in Armour
 55983 | Vaults:3 | Found Streafikh's Gadget Shoppe.
 55989 | Vaults:3 | Bought a phial of floods for 880 gold pieces
 56264 | Vaults:3 | Found a staircase to the Crypt.
 56422 | Vaults:3 | Found Skuvvil's Gadget Boutique.
 56488 | Vaults:3 | Reached skill level 23 in Polearms
 56693 | Vaults:3 | Found Klomon's Magic Scroll Boutique.
 56739 | Vaults:3 | Bought a scroll of blinking for 112 gold pieces
 56788 | Vaults:3 | Cast into the Abyss (vault warden)
 57174 | Vaults:3 | Escaped the Abyss
 58173 | Vaults:4 | Reached XP level 23. HP: 203/217 MP: 22/22
 58545 | Vaults:4 | Found Grefohost's Antique Weapon Boutique.
 59289 | Crypt:1  | Entered Level 1 of the Crypt
 59904 | Crypt:1  | Reached skill level 24 in Polearms
 61598 | Crypt:3  | Entered Level 3 of the Crypt
 61690 | Crypt:3  | Got a transparent hat
 61701 | Crypt:3  | Identified the +2 hat of Duujaomu {rF+ Str+3 Slay+3} (You acquired it on level 3 of the Crypt)
 61761 | Crypt:3  | Reached XP level 24. HP: 211/228 MP: 23/23
 62230 | Crypt:3  | Noticed an ancient lich
 62246 | Crypt:3  | Killed an ancient lich
 62378 | Crypt:3  | Paralysed by a sphinx for 4 turns
 62483 | Crypt:3  | Found a staircase to the Tomb.
 62537 | Tomb:1   | Entered Level 1 of the Tomb of the Ancients
 62682 | Tomb:1   | Noticed Boris
 62696 | Tomb:1   | Killed Boris
 62761 | Tomb:1   | Paralysed by a sphinx for 5 turns
 62781 | Tomb:1   | Reached skill level 25 in Polearms
 62820 | Tomb:1   | Noticed a greater mummy
 62833 | Tomb:1   | Killed a greater mummy
 63695 | Tomb:2   | Noticed a greater mummy
 63696 | Tomb:2   | Noticed a greater mummy
 63699 | Tomb:2   | Noticed a greater mummy
 63812 | Tomb:2   | Noticed a greater mummy
 63890 | Tomb:1   | Killed a greater mummy
 64916 | Tomb:1   | Killed a greater mummy
 65237 | Tomb:1   | Killed a greater mummy
 65392 | Tomb:1   | Reached XP level 25. HP: 238/238 MP: 24/24
 65835 | Tomb:2   | Killed a greater mummy
 66439 | D:10     | Killed an eight-headed hydra
 66583 | D:7      | Killed a skeletal warrior
 66616 | D:7      | Killed a skeletal warrior
 66695 | D:6      | Bought a potion of curing for 33 gold pieces
 66695 | D:6      | Bought 2 potions of curing for 66 gold pieces
 67044 | Depths:1 | Entered Level 1 of the Depths
 67121 | Depths:1 | Found a one-way gate leading to the halls of Pandemonium.
 67551 | Depths:1 | Found a gateway to Hell.
 68014 | Depths:2 | Noticed the Enchantress
 68087 | Depths:2 | Killed the Enchantress
 68106 | Depths:2 | Got a faerie dragon armour
 68908 | D:15     | You paid a toll of a +5 demon whip to enter a treasure trove
 68909 | Trove    | Entered a treasure trove
 68918 | Trove    | Got an encrusted bardiche
 68932 | Trove    | Got a transparent demon trident
 68934 | Trove    | Got an ichor-stained trident
 68941 | Trove    | Identified the +9 demon trident of Misery {elec, -Tele rC+ MR+ Str+6 Dex-2} (You found it in a treasure trove)
 68942 | Trove    | Identified the +7 trident of Vusheusu {venom, rN+ MR- Dex+4} (You found it in a treasure trove)
 69090 | Depths:2 | Found a shattered altar of Ashenzari.
 69156 | Depths:2 | Found a gateway to a ziggurat.
 69931 | Depths:3 | Reached skill level 26 in Polearms
 70445 | Depths:3 | Found a one-way gate to the infinite horrors of the Abyss.
 70668 | Depths:3 | Noticed a greater mummy
 70678 | Depths:3 | Killed a greater mummy
 70931 | Depths:3 | Found a gateway to a ziggurat.
 71256 | Depths:4 | Found Gikoast's Armour Shop.
 71291 | Depths:4 | Bought a +2 cloak of invisibility for 494 gold pieces
 71339 | Depths:4 | Reached XP level 26. HP: 239/248 MP: 23/24
 71853 | Depths:4 | Gained mutation: You are weak. (Str -2) [a shining eye]
 72029 | Depths:4 | Noticed an ancient lich
 72036 | Depths:4 | Killed an ancient lich
 72036 | Depths:4 | Reached skill level 5 in Evocations
 72837 | Vaults:3 | Lost mutation: You are weak. (Str -2) [potion of cure mutation]
 72837 | Vaults:3 | Lost mutation: Your magical capacity is low (-10% MP). [potion of cure mutation]
 72837 | Vaults:3 | Lost mutation: You are dopey. (Int -2) [potion of cure mutation]
 72837 | Vaults:3 | Lost mutation: You expend magic power (6 MP) to strengthen your wands. [potion of cure mutation]
 72837 | Vaults:3 | Lost mutation: You have a beak for a mouth. [potion of cure mutation]
 72837 | Vaults:3 | Lost mutation: You are somewhat resistant to further mutation. [potion of cure mutation]
 73469 | Depths:5 | Entered Level 5 of the Depths
 73871 | Depths:5 | Found a gate to the Realm of Zot.
 73926 | Depths:5 | Noticed Margery
 73942 | Depths:5 | Killed Margery
 73942 | Depths:5 | Reached skill level 27 in Polearms
 73959 | Depths:5 | Found Fiabb's Antique Weapon Shop.
 74516 | Zot:1    | Entered Level 1 of the Realm of Zot
 74625 | Zot:1    | Reached XP level 27. HP: 182/259 MP: 22/32
 75740 | Zot:2    | Found a glowing golden altar of the Shining One.
 75870 | Zot:2    | Found an opulent altar of Gozag.
 76039 | Zot:2    | Noticed an orb of fire
 76053 | Zot:2    | Gained mutation: You are dopey. (Int -2) [an orb of fire]
 76059 | Zot:2    | Killed an orb of fire
 77420 | Tomb:1   | Noticed a greater mummy
 77420 | Tomb:1   | Noticed a greater mummy
 77434 | Tomb:2   | Killed a greater mummy
 77786 | Tomb:1   | Killed a greater mummy
 77786 | Tomb:1   | Reached skill level 27 in Shields
 77796 | Tomb:1   | Noticed a greater mummy
 77920 | Tomb:2   | Killed a greater mummy
 78181 | Tomb:1   | Noticed a greater mummy
 78198 | Tomb:1   | Killed a greater mummy
 78229 | Tomb:1   | Noticed a greater mummy
 78254 | Tomb:1   | Killed a greater mummy
 78623 | Vaults:3 | Bought a runed cloak for 108 gold pieces
 78651 | Vaults:3 | Bought a potion of heal wounds for 65 gold pieces
 78651 | Vaults:3 | Bought a potion of curing for 39 gold pieces
 78651 | Vaults:3 | Bought 2 potions of cure mutation for 910 gold pieces
 78651 | Vaults:3 | Bought a potion of heal wounds for 65 gold pieces
 78656 | Vaults:3 | Bought 2 potions of heal wounds for 210 gold pieces
 78656 | Vaults:3 | Bought a potion of curing for 63 gold pieces
 78656 | Vaults:3 | Bought a potion of curing for 63 gold pieces
 78656 | Vaults:3 | Bought a potion of curing for 63 gold pieces
 78716 | Crypt:2  | Gained mutation: You are weak. (Str -2) [potion of mutation]
 78716 | Crypt:2  | Gained mutation: You are resistant to hostile enchantments. [potion of mutation]
 78716 | Crypt:2  | Gained mutation: You are clumsy. (Dex -2) [potion of mutation]
 78717 | Crypt:2  | Lost mutation: You are dopey. (Int -2) [potion of cure mutation]
 78717 | Crypt:2  | Lost mutation: You are clumsy. (Dex -2) [potion of cure mutation]
 78717 | Crypt:2  | Lost mutation: You are weak. (Str -2) [potion of cure mutation]
 78717 | Crypt:2  | Lost mutation: You expend magic power (3 MP) to slightly strengthen your wands. [potion of cure mutation]
 78997 | Tomb:1   | Noticed a greater mummy
 79016 | Tomb:1   | Killed a greater mummy
 79148 | Tomb:1   | Noticed a greater mummy
 79186 | Tomb:1   | Killed a greater mummy
 79192 | Tomb:1   | Noticed a greater mummy
 79225 | Tomb:1   | Killed a greater mummy
 79407 | Tomb:1   | Noticed a greater mummy
 79423 | Tomb:1   | Killed a greater mummy
 79610 | Tomb:1   | Noticed a greater mummy
 79830 | Tomb:1   | Killed a greater mummy
 79887 | Tomb:1   | Noticed a greater mummy
 79902 | Tomb:1   | Killed a greater mummy
 80050 | Tomb:1   | Noticed a greater mummy
 80077 | Tomb:1   | Noticed a greater mummy
 80375 | Tomb:1   | Killed a greater mummy
 80585 | Tomb:1   | Killed a greater mummy
 80674 | Tomb:1   | Noticed a greater mummy
 80692 | Tomb:1   | Killed a greater mummy
 80702 | Tomb:1   | Noticed a greater mummy
 80707 | Tomb:1   | Gained mutation: You are dopey. (Int -2) [a neqoxec]
 80708 | Tomb:1   | Gained mutation: You are weak. (Str -2) [a neqoxec]
 80768 | Tomb:1   | Lost mutation: You are weak. (Str -2) [potion of cure mutation]
 80768 | Tomb:1   | Lost mutation: You are resistant to hostile enchantments. [potion of cure mutation]
 80768 | Tomb:1   | Lost mutation: You are dopey. (Int -2) [potion of cure mutation]
 80789 | Tomb:1   | Killed a greater mummy
 80897 | Tomb:1   | Noticed a greater mummy
 80897 | Tomb:1   | Noticed a greater mummy
 81256 | Tomb:1   | Killed a greater mummy
 81371 | Tomb:1   | Killed a greater mummy
 81610 | Tomb:1   | Noticed a greater mummy
 81611 | Tomb:1   | Noticed a greater mummy
 81645 | Tomb:1   | Killed a greater mummy
 81674 | Tomb:1   | Killed a greater mummy
 82584 | Tomb:3   | Entered Level 3 of the Tomb of the Ancients
 83553 | Vaults:3 | Bought a potion of curing for 63 gold pieces
 83553 | Vaults:3 | Bought a potion of curing for 63 gold pieces
 84876 | Tomb:3   | Got a faintly humming cloak
 84888 | Tomb:3   | Identified the +2 cloak "Schainaos" {rElec rF+ rC- Dex+8} (You found it on level 3 of the Tomb of the Ancients)
 85289 | Tomb:3   | Got a warped ivory ring
 85291 | Tomb:3   | Identified the ring "Acifrarr" {+Blink rElec rC+ Int-5 Dex+5} (You found it on level 3 of the Tomb of the Ancients)
 85444 | Tomb:3   | Noticed an ancient lich
 85460 | Tomb:3   | Killed an ancient lich
 86844 | Elf:1    | Entered Level 1 of the Elven Halls
 87732 | Elf:1    | Found a radiant altar of Vehumet.
 87962 | Elf:1    | Noticed Maud
 87972 | Elf:1    | Killed Maud
 88476 | Elf:2    | Noticed Louise
 88483 | Elf:2    | Killed Louise
 88650 | Elf:2    | Reached skill level 27 in Fighting
 88795 | Elf:2    | Found a huge runed gate.
 88799 | Elf:2    | Found a huge runed gate.
 88800 | Elf:2    | Found a huge runed gate.
 88800 | Elf:2    | Found a huge runed gate.
 88803 | Elf:2    | Found a huge runed gate.
 89189 | Elf:3    | Entered Level 3 of the Elven Halls
 89301 | Elf:3    | Found a magical portal.
 89306 | WizLab   | Entered Zonguldrok's Shrine
 89581 | WizLab   | Noticed an antique lich
 89587 | WizLab   | Killed an antique lich
 91891 | Tomb:3   | Got a golden rune of Zot
 92908 | Vaults:5 | Entered Level 5 of the Vaults
 94181 | Vaults:5 | Got a silver rune of Zot
 94833 | Vaults:5 | Got a fine golden ring
 94835 | Vaults:5 | Identified the ring of Khodeofir {rF+ rC- Dex+5} (You found it on level 5 of the Vaults)
 94898 | Vaults:5 | Got a translucent ivory ring
 94900 | Vaults:5 | Identified the ring "Frismou" {Ice rPois MR- Str+3} (You found it on level 5 of the Vaults)
 95377 | Vaults:5 | Got a transparent wooden ring
 95379 | Vaults:5 | Identified the ring "Muistez" {-Tele MP+9 Str-4 Int+7 Dex+4} (You found it on level 5 of the Vaults)
 97928 | Zot:4    | Reached skill level 10 in Stealth
 98792 | Zot:4    | Reached skill level 10 in Evocations
 98829 | Zot:5    | Entered Level 5 of the Realm of Zot
 98991 | Zot:5    | Reached skill level 27 in Armour
 99245 | Zot:5    | Noticed an orb of fire
 99261 | Zot:5    | Noticed an orb of fire
 99263 | Zot:5    | Noticed an orb of fire
 99269 | Zot:5    | Killed an orb of fire
 99279 | Zot:5    | Noticed an orb of fire
 99280 | Zot:5    | Killed an orb of fire
 99296 | Zot:5    | Killed an orb of fire
 99546 | Zot:4    | Killed an orb of fire
 99817 | Zot:5    | Noticed an ancient lich
 99821 | Zot:5    | Noticed an ancient lich
 99822 | Zot:5    | Noticed an orb of fire
 99827 | Zot:5    | Noticed an orb of fire
 99836 | Zot:5    | Noticed an orb of fire
 99842 | Zot:5    | Killed an ancient lich
 99846 | Zot:5    | Noticed an ancient lich
 99848 | Zot:5    | Killed an ancient lich
 99850 | Zot:5    | Noticed an orb of fire
 99850 | Zot:5    | Noticed an ancient lich
 99862 | Zot:5    | Noticed an ancient lich
 99888 | Zot:5    | Killed an orb of fire
 99910 | Zot:5    | Killed an orb of fire
 99915 | Zot:5    | Gained mutation: You occasionally shout uncontrollably at your foes. [an orb of fire]
 99918 | Zot:5    | Killed an orb of fire
 99932 | Zot:5    | Killed an ancient lich
 99932 | Zot:5    | Reached skill level 15 in Stealth
100247 | Zot:4    | Killed an ancient lich
100319 | Zot:5    | Killed an ancient lich
100429 | Zot:5    | Reached skill level 15 in Evocations
100665 | Zot:5    | Killed an orb of fire
100680 | Zot:5    | Noticed an ancient lich
100690 | Zot:5    | Killed an ancient lich
100805 | Zot:5    | Noticed an orb of fire
100818 | Zot:5    | Killed an orb of fire
101874 | Zot:5    | Got the Orb of Zot
102729 | D:$      | Escaped with the Orb!

Action                   |  1- 3 |  4- 6 |  7- 9 | 10-12 | 13-15 | 16-18 | 19-21 | 22-24 | 25-27 || total
-------------------------+-------+-------+-------+-------+-------+-------+-------+-------+-------++-------
Melee: Trident           |   149 |   242 |   965 |  1537 |   321 |       |       |       |       ||  3214
       Demon trident     |       |       |       |       |  1593 |       |       |       |       ||  1593
       Lance             |       |       |       |       |   306 |  2560 |  2514 |  2363 |  5169 || 12912
       Unarmed           |       |       |       |       |       |    57 |       |       |       ||    57
       Demon whip        |       |       |       |       |       |       |       |       |    12 ||    12
Throw: Stone             |     3 |       |     6 |       |       |       |       |       |       ||     9
       Javelin           |       |       |       |    20 |       |       |       |       |       ||    20
Invok: Call Merchant     |       |       |       |       |       |       |       |       |     6 ||     6
       Potion Petition   |       |       |       |       |       |       |       |       |     1 ||     1
 Abil: Evoke Berserk Rag |       |       |       |       |       |     3 |     3 |     2 |     3 ||    11
Evoke: Wand              |       |       |       |    15 |     3 |     6 |     6 |       |     5 ||    35
       Lamp of fire      |       |       |       |       |       |       |     2 |       |     4 ||     6
       Deck              |       |       |       |       |       |       |     1 |       |     4 ||     5
       Fan of gales      |       |       |       |       |       |       |     1 |       |     2 ||     3
       Disc of storms    |       |       |       |       |       |       |       |       |     7 ||     7
       Phial of floods   |       |       |       |       |       |       |       |       |     3 ||     3
       Stone of tremors  |       |       |       |       |       |       |       |       |     1 ||     1
  Use: Potion            |       |     1 |     1 |     6 |     1 |     2 |     6 |     9 |    37 ||    63
       Scroll            |       |    10 |    10 |    15 |    24 |     9 |     5 |     5 |    20 ||    98
 Stab: Fleeing           |       |       |     1 |       |     4 |       |       |       |       ||     5
       Invisible         |       |       |       |     4 |       |       |       |       |       ||     4
       Distracted        |       |       |       |     2 |    10 |    12 |    10 |     7 |    15 ||    56
       Sleeping          |       |       |       |     1 |       |       |       |       |       ||     1
       Confused          |       |       |       |       |     2 |     2 |       |       |       ||     4
       Petrifying        |       |       |       |       |       |       |       |       |     3 ||     3
       Paralysed         |       |       |       |       |       |       |       |       |     1 ||     1
  Eat: Pizza             |       |     1 |     1 |    13 |     2 |     3 |     1 |     1 |     1 ||    23
       Bread ration      |       |     1 |     3 |       |       |     1 |     7 |     4 |    17 ||    33
       Fruit             |       |     4 |       |       |     3 |    10 |       |     2 |    14 ||    33
       Beef jerky        |       |       |     1 |     4 |    16 |     5 |       |     1 |     4 ||    31
       Meat ration       |       |       |     1 |     2 |     2 |     6 |       |     4 |     6 ||    21
       Royal jelly       |       |       |       |     2 |       |       |       |       |       ||     2
